SL
LOUISVILLE BC @ OAKLAND OAKS
04/24/2024
 
TOP OF THE 1ST
Louisville BC batting - Pitching for Oakland Oaks : RHP Mimosa Joseph
Pitching: RHP Mimosa Joseph
Batting: LHB Carroll Martin 0-0: Ground out 1-3 (Groundball, 13S)
Batting: RHB José López 0-0: Ball
1-0: Ball
2-0: Ball
3-0: Called Strike
3-1: Foul Ball, location: 2F
3-2: Fly out, F4 (Popup, 3D)
Batting: RHB Andrés Rodríguez 0-0: Ball
1-0: Ball
2-0: Swinging Strike
2-1: Ground out 6-3 (Groundball, 6M)
Top of the 1st over - 0 run(s), 0 hit(s), 0 error(s), 0 left on base; Louisville 0 - Oakland 0
BOTTOM OF THE 1ST
Oakland Oaks batting - Pitching for Louisville BC : RHP Leroy Picot
Pitching: RHP Leroy Picot
Batting: RHB Miguel Fernández 0-0: Ball
1-0: Ball
2-0: Called Strike
2-1: Fly out, F7 (Flyball, 7M)
Batting: LHB Todd Henry 0-0: Swinging Strike
0-1: Called Strike
0-2: Foul Ball, location: 2F
0-2: Foul Ball, location: 2F
0-2: Ball
1-2: Ball
2-2: Ball
3-2: Fly out, F9 (Line Drive, 9S)
Batting: LHB Mal Wadley 0-0: Called Strike
0-1: Foul Ball, location: 2F
0-2: Strikes out swinging
Bottom of the 1st over - 0 run(s), 0 hit(s), 0 error(s), 0 left on base; Louisville 0 - Oakland 0
TOP OF THE 2ND
Louisville BC batting - Pitching for Oakland Oaks : RHP Mimosa Joseph
Batting: RHB Chi-ju Zhang 0-0: Fly out, F3 (Popup, 4S)
Batting: LHB Tim Hargrove 0-0: Called Strike
0-1: Called Strike
0-2: Ball
1-2: Ball
2-2: Strikes out swinging
Batting: RHB Noriaki Okada 0-0: Called Strike
0-1: Ball
1-1: Ball
2-1: Fly out, F9 (Line Drive, 9M)
Top of the 2nd over - 0 run(s), 0 hit(s), 0 error(s), 0 left on base; Louisville 0 - Oakland 0
BOTTOM OF THE 2ND
Oakland Oaks batting - Pitching for Louisville BC : RHP Leroy Picot
Batting: LHB Edwin Church 0-0: Ball
1-0: Ground out 4-3 (Groundball, 4)
Batting: RHB Gabriel Maldonado 0-0: Swinging Strike
0-1: Fly out, F9 (Flyball, 9LS)
Batting: LHB Jesús Quintanilla 0-0: Called Strike
0-1: Fly out, F5 (Popup, 5SF)
Bottom of the 2nd over - 0 run(s), 0 hit(s), 0 error(s), 0 left on base; Louisville 0 - Oakland 0
TOP OF THE 3RD
Louisville BC batting - Pitching for Oakland Oaks : RHP Mimosa Joseph
Batting: SHB Adrián Pueblo 0-0: Fly out, F8 (Flyball, 8LXD)
Now in CF: Tony Reynolds
Batting: SHB Chris Williamson 0-0: Called Strike
0-1: SINGLE (Flyball, 8LM)
Batting: RHB Cliff May 0-0: Called Strike
Chris Williamson steals 2nd base
0-1: Swinging Strike
0-2: Strikes out swinging
Batting: LHB Carroll Martin 0-0: Ball
1-0: Fly out, F8 (Flyball, 9M)
Top of the 3rd over - 0 run(s), 1 hit(s), 0 error(s), 1 left on base; Louisville 0 - Oakland 0
BOTTOM OF THE 3RD
Oakland Oaks batting - Pitching for Louisville BC : RHP Leroy Picot
Batting: SHB John Allen 0-0: Ball
1-0: Foul Ball, location: 2F
1-1: Fly out, F3 (Popup, 3SF)
Batting: LHB Tony Reynolds 0-0: Ground out 6-3 (Groundball, 6)
Batting: RHB Rafael Durango 0-0: Ball
1-0: Foul Ball, location: 2F
1-1: Ground out 5-3 (Groundball, 56)
Bottom of the 3rd over - 0 run(s), 0 hit(s), 0 error(s), 0 left on base; Louisville 0 - Oakland 0
TOP OF THE 4TH
Louisville BC batting - Pitching for Oakland Oaks : RHP Mimosa Joseph
Batting: RHB José López 0-0: Ball
1-0: Ball
2-0: DOUBLE (Flyball, 9D)
Batting: RHB Andrés Rodríguez 0-0: Foul Ball, location: 2F
0-1: Ground out 5-3 (Groundball, 5)
Batting: RHB Chi-ju Zhang 0-0: Foul Ball, location: 2F
0-1: 2-RUN HOME RUN (Flyball, 7D), Distance : 372 ft
Batting: LHB Tim Hargrove 0-0: Ball
1-0: Ball
2-0: Ball
3-0: Called Strike
3-1: Foul Ball, location: 2F
3-2: Strikes out swinging
Batting: RHB Noriaki Okada 0-0: Fly out, F9 (Flyball, 89M)
Top of the 4th over - 2 run(s), 2 hit(s), 0 error(s), 0 left on base; Louisville 2 - Oakland 0
BOTTOM OF THE 4TH
Oakland Oaks batting - Pitching for Louisville BC : RHP Leroy Picot
Batting: RHB Miguel Fernández 0-0: Foul Ball, location: 2F
0-1: Ball
1-1: Swinging Strike
1-2: Fly out, F2 (Popup, 2RF)
Batting: LHB Todd Henry 0-0: Ball
1-0: Ball
2-0: Called Strike
2-1: Ball
3-1: Fly out, F5 (Popup, 25F)
Batting: LHB Mal Wadley 0-0: Foul Ball, location: 2F
0-1: Ball
1-1: SINGLE (Groundball, 23) (infield hit)
Batting: LHB Edwin Church 0-0: Ball
1-0: Fly out, F9 (Flyball, 9D)
Bottom of the 4th over - 0 run(s), 1 hit(s), 0 error(s), 1 left on base; Louisville 2 - Oakland 0
TOP OF THE 5TH
Louisville BC batting - Pitching for Oakland Oaks : RHP Mimosa Joseph
Pitching: RHP José Caballero
Batting: SHB Adrián Pueblo 0-0: Ball
1-0: Swinging Strike
1-1: DOUBLE (Line Drive, 89S)
Batting: SHB Chris Williamson 0-0: Foul Ball, location: 2F
0-1: Swinging Strike
0-2: Fly out, F4 (Popup, 4MD)
Batting: RHB Cliff May 0-0: Called Strike
0-1: Ball
1-1: Ground out 6-3 (Groundball, 6M)
Adrián Pueblo to third
Batting: LHB Carroll Martin 0-0: Foul Ball, location: 2F
0-1: Called Strike
0-2: Strikes out swinging
Top of the 5th over - 0 run(s), 1 hit(s), 0 error(s), 1 left on base; Louisville 2 - Oakland 0
BOTTOM OF THE 5TH
Oakland Oaks batting - Pitching for Louisville BC : RHP Leroy Picot
Pitching: RHP William Waters
Batting: RHB Gabriel Maldonado 0-0: Swinging Strike
0-1: Fly out, F8 (Flyball, 8RD)
Batting: LHB Jesús Quintanilla 0-0: Swinging Strike
0-1: Ball
1-1: Ball
2-1: Ball
3-1: Base on Balls
Batting: SHB John Allen 0-0: Swinging Strike
0-1: Ball
1-1: Foul Ball, location: 2F
1-2: Foul Ball, location: 2F
1-2: SINGLE (Line Drive, 6MD)
Jesús Quintanilla to second
Batting: LHB Tony Reynolds 0-0: Called Strike
0-1: Foul Ball, location: 2F
0-2: Foul Ball, location: 2F
0-2: Ball
1-2: Ball
2-2: Ball
Wild Pitch!
Jesús Quintanilla to third
John Allen to second
3-2: Base on Balls
Batting: RHB Rafael Durango 0-0: Ball
1-0: Ball
2-0: Called Strike
2-1: Called Strike
2-2: Ball
3-2: Strikes out swinging
Batting: RHB Miguel Fernández 0-0: Ball
1-0: Called Strike
1-1: Foul Ball, location: 2F
1-2: Ball
2-2: Foul Ball, location: 2F
2-2: Fielders Choice at 2nd, 5-4 (Groundball, 5)
Bottom of the 5th over - 0 run(s), 1 hit(s), 0 error(s), 2 left on base; Louisville 2 - Oakland 0
TOP OF THE 6TH
Louisville BC batting - Pitching for Oakland Oaks : RHP José Caballero
Batting: RHB José López 0-0: TRIPLE (Flyball, 8RXD)
Batting: RHB Andrés Rodríguez 0-0: Foul Ball, location: 2F
0-1: Ground out 5-3 (Groundball, 5L)
Batting: RHB Chi-ju Zhang 0-0: Foul Ball, location: 2F
0-1: Foul Ball, location: 2F
0-2: Foul Ball, location: 2F
0-2: Foul Ball, location: 2F
0-2: Strikes out looking
Batting: LHB Tim Hargrove 0-0: Ball
1-0: Called Strike
1-1: Ball
2-1: Ground out 4-3 (Groundball, 4M)
Top of the 6th over - 0 run(s), 1 hit(s), 0 error(s), 1 left on base; Louisville 2 - Oakland 0
BOTTOM OF THE 6TH
Oakland Oaks batting - Pitching for Louisville BC : RHP William Waters
Batting: LHB Todd Henry 0-0: Ball
1-0: Ball
2-0: Foul Ball, location: 2F
2-1: Ground out U3 (Groundball, 3S)
Batting: LHB Mal Wadley 0-0: SINGLE (Line Drive, 4M)
Batting: LHB Edwin Church 0-0: Called Strike
0-1: Ball
1-1: Ball
2-1: Called Strike
2-2: Foul Ball, location: 2F
2-2: Fly out, F3 (Line Drive, 3S)
Batting: RHB Gabriel Maldonado 0-0: Ball
1-0: Called Strike
1-1: Called Strike
1-2: Strikes out swinging
Bottom of the 6th over - 0 run(s), 1 hit(s), 0 error(s), 1 left on base; Louisville 2 - Oakland 0
TOP OF THE 7TH
Louisville BC batting - Pitching for Oakland Oaks : RHP José Caballero
Batting: RHB Noriaki Okada 0-0: Ball
1-0: Ball
2-0: SINGLE (Line Drive, 56)
Batting: SHB Adrián Pueblo 0-0: Fly out, F7 (Flyball, 7D)
Batting: SHB Chris Williamson 0-0: SINGLE (Groundball, 15) (infield hit)
Noriaki Okada to second
Batting: RHB Cliff May 0-0: Called Strike
0-1: Called Strike
0-2: SINGLE (Groundball, 56D)
Noriaki Okada to third
Chris Williamson to second
Runner from 3rd tries for Home, SAFE, throw made home
Pitching: RHP Enrique López
Pinch Hitting: LHB Felipe López 0-0: Ball
1-0: Called Strike
1-1: Foul Ball, location: 2F
1-2: Ball
2-2: Foul Ball, location: 2F
2-2: Foul Ball, location: 2F
2-2: Strikes out swinging
Batting: RHB José López 0-0: Called Strike
0-1: Called Strike
0-2: Strikes out swinging
Top of the 7th over - 1 run(s), 3 hit(s), 0 error(s), 2 left on base; Louisville 3 - Oakland 0
BOTTOM OF THE 7TH
Oakland Oaks batting - Pitching for Louisville BC : RHP William Waters
Now in LF: Felipe López
Batting: LHB Jesús Quintanilla 0-0: Swinging Strike
0-1: Ball
1-1: Foul Ball, location: 2F
1-2: Ball
2-2: Foul Ball, location: 2F
2-2: DOUBLE (Flyball, 78XD)
Batting: SHB John Allen 0-0: Called Strike
0-1: Fly out, F7 (Flyball, 7M)
Batting: LHB Tony Reynolds 0-0: Fly out, F8 (Line Drive, 8LM)
Batting: RHB Rafael Durango 0-0: Ball
1-0: Called Strike
1-1: DOUBLE (Groundball, 5L)
Jesús Quintanilla scores
Pinch Hitting: RHB Dave Henderson 0-0: Ball
1-0: Ball
2-0: Ball
3-0: Called Strike
3-1: SINGLE (Line Drive, 56D)
Rafael Durango to third
Runner from 3rd tries for Home, throw and OUT!
Bottom of the 7th over - 1 run(s), 3 hit(s), 0 error(s), 1 left on base; Louisville 3 - Oakland 1
TOP OF THE 8TH
Louisville BC batting - Pitching for Oakland Oaks : RHP Enrique López
Now at 2B: Dave Henderson
Batting: RHB Andrés Rodríguez 0-0: Foul Ball, location: 2F
0-1: Foul Ball, location: 2F
0-2: Reached on error, E5 (Groundball, 5)
Pinch Hitting: RHB Keith Best 0-0: Called Strike
0-1: Ball
1-1: Foul Ball, location: 2F
1-2: Foul Ball, location: 2F
1-2: Foul Ball, location: 2F
1-2: Ball
2-2: Foul Ball, location: 2F
2-2: Ground out 2-3 (Groundball, 2R)
Andrés Rodríguez to third
Batting: LHB Joram Nelen 0-0: Ball
1-0: Ball
2-0: Foul Ball, location: 2F
2-1: Foul Ball, location: 2F
2-2: Ground out 3-1 (Groundball, 23)
Batting: RHB Noriaki Okada 0-0: Swinging Strike
0-1: Foul Ball, location: 2F
0-2: Strikes out looking
Top of the 8th over - 0 run(s), 0 hit(s), 1 error(s), 1 left on base; Louisville 3 - Oakland 1
BOTTOM OF THE 8TH
Oakland Oaks batting - Pitching for Louisville BC : RHP William Waters
Now in LF: Keith Best
Batting: LHB Todd Henry 0-0: Ball
1-0: Called Strike
1-1: Foul Ball, location: 2F
1-2: Foul Ball, location: 2F
1-2: Foul Ball, location: 2F
1-2: Ball
2-2: Foul Ball, location: 2F
2-2: Foul Ball, location: 2F
2-2: Foul Ball, location: 2F
2-2: Ball
3-2: Base on Balls
Pinch Hitting: RHB Jim Lee 0-0: Called Strike
0-1: Ball
1-1: Ball
2-1: Swinging Strike
2-2: Foul Ball, location: 2F
2-2: Foul Ball, location: 2F
2-2: Foul Ball, location: 2F
2-2: Foul Ball, location: 2F
2-2: Foul Ball, location: 2F
2-2: Grounds into double play, 1-4-3 (Groundball, 15S)
Pitching: RHP Vincente Ortíz
Batting: LHB Edwin Church 0-0: Foul Ball, location: 2F
0-1: Foul Ball, location: 2F
0-2: Ball
1-2: Foul Ball, location: 2F
1-2: Ball
2-2: Ball
3-2: SINGLE (Flyball, 8LS)
Batting: LHB Randy Daugherty 0-0: Called Strike
0-1: Ball
1-1: Fly out, F9 (Line Drive, 89S)
Bottom of the 8th over - 0 run(s), 1 hit(s), 0 error(s), 1 left on base; Louisville 3 - Oakland 1
TOP OF THE 9TH
Louisville BC batting - Pitching for Oakland Oaks : RHP Enrique López
Now in RF: Jim Lee
Batting: SHB Adrián Pueblo 0-0: Ball
1-0: Foul Ball, location: 2F
1-1: Foul Ball, location: 2F
1-2: Ball
2-2: Foul Ball, location: 2F
2-2: SOLO HOME RUN (Flyball, 78XD), Distance : 411 ft
Pitching: RHP Júlio Martínez
Batting: SHB Chris Williamson 0-0: Foul Ball, location: 2F
0-1: Called Strike
0-2: Ball
1-2: Foul Ball, location: 2F
1-2: Ground out 6-3 (Groundball, 6)
Batting: RHB Cliff May 0-0: Ball
1-0: Called Strike
1-1: Ground out 5-3 (Groundball, 56S)
Batting: LHB Felipe López 0-0: Ball
1-0: Ball
2-0: Ball
3-0: Called Strike
3-1: Fly out, F7 (Flyball, 78M)
Top of the 9th over - 1 run(s), 1 hit(s), 0 error(s), 0 left on base; Louisville 4 - Oakland 1
BOTTOM OF THE 9TH
Oakland Oaks batting - Pitching for Louisville BC : RHP Vincente Ortíz
Pitching: LHP Ronaldo Rey
Batting: LHB Jesús Quintanilla 0-0: Ball
1-0: Ground out U3 (Groundball, 3)
Batting: SHB John Allen 0-0: Ball
1-0: Ball
2-0: Foul Ball, location: 2F
2-1: Called Strike
2-2: Ball
3-2: Foul Ball, location: 2F
3-2: Base on Balls
Batting: LHB Tony Reynolds 0-0: SINGLE (Groundball, 6MD)
John Allen to second
Runner from 2nd tries for 3rd, SAFE, no throw or cutoff
Batting: RHB Rafael Durango 0-0: Called Strike
0-1: Ball
1-1: SINGLE (Groundball, 6MD)
John Allen scores
Tony Reynolds to second
Batting: RHB Dave Henderson 0-0: Foul Ball, location: 2F
0-1: SINGLE (Line Drive, 8LS)
Tony Reynolds to third
Rafael Durango to second
Batting: LHB Todd Henry 0-0: Called Strike
0-1: Foul Ball, location: 2F
0-2: Ball
1-2: Grounds into double play, 4-6-3 (Groundball, 34)
Bottom of the 9th over - 1 run(s), 3 hit(s), 0 error(s), 2 left on base; Louisville 4 - Oakland 2
This league is powered by Out of the Park Baseball, the baseball management simulation game for PC, Mac and Linux
Monday, October 3rd, 2016 - OOTP Baseball 16.9 Build 39